 Dungeon Crawl Stone Soup version 0.31-a0-431-g88bdf31460 (webtiles) character file.

Game seed: 1985327601081175530

299 Dittersdorf the Trooper (level 6, -3/39 HPs)
             Began as a Gargoyle Fighter on July 31, 2023.
             Slain by an orc warrior
             ... wielding a +1 battleaxe of electrocution
              (10 damage)
             ... on level 4 of the Dungeon.
             The game lasted 00:03:01 (2457 turns).

Dittersdorf the Trooper (Gargoyle Fighter)          Turns: 2457, Time: 00:03:01

Health: -3/39      AC: 15    Str: 28    XL:     6   Next: 36%
Magic:  6/6        EV:  8    Int:  8    God:
Gold:   194        SH:  4    Dex:  9    Spells: 5/5 levels left

rFire   . . .        a - +0 flail
rCold   + . .        c - +0 buckler
rNeg    + . .        p - +0 chain mail
rPois   ∞            i - +0 helmet
rElec   +            (no cloak)
rCorr   .            (no gloves)
SInv    .            (no boots)
Will    .....        (no amulet) Stlth
                     m - ring of protection from cold
HPRegen 0.26/turn    k - +6 ring of strength
MPRegen 0.10/turn

%: no passive effects
@: no status effects
A: sickness immunity, AC +4, negative energy resistance 1, electricity
resistance, torment resistance 1, petrification resistance
a: no special abilities


You were on level 4 of the Dungeon.
You visited 1 branch of the dungeon, and saw 4 of its levels.

You collected 194 gold pieces.

Inventory:

Hand Weapons
 a - a +0 flail (weapon)
Armour
 c - a +0 buckler (worn)
 i - a +0 helmet (worn)
 p - a +0 chain mail (worn)
Magical Staves
 l - a staff of earth
Jewellery
 k - a +6 ring of strength (right hand)
 m - a ring of protection from cold (left hand)
 n - a ring of positive energy
Scrolls
 e - a scroll of teleportation
 f - a scroll of enchant weapon {unknown}
 g - 4 scrolls of fog {unknown}
 o - a scroll of poison {unknown}
 r - 4 scrolls of blinking {unknown}
Potions
 b - a potion of lignification {unknown}
 d - 2 potions of might
 h - a potion of berserk rage
 j - 2 potions of brilliance
 q - a potion of enlightenment


   Skills:
 + Level 4.7 Fighting
 + Level 3.6 Maces & Flails
 + Level 4.6 Armour
 + Level 4.7 Shields


You had 5 spell levels left.
You didn't know any spells.
Your spell library contained the following spells:

 Spells                   Type           Power      Damage    Failure   Level
 Ozocubu's Armour         Ice            0%         N/A       100%        3
 Volatile Blastmotes      Fire/Tloc      0%         2d10      100%        3
 Fulminant Prism          Conj/Hex       0%         3d5       100%        4
 Iskenderun's Mystic Bla  Conj/Tloc      0%         2d3       100%        4
 Metabolic Englaciation   Hex/Ice        0%         N/A       100%        5
 Simulacrum               Ice/Necr       0%         N/A       100%        6


Dungeon Overview and Level Annotations

Branches:
Dungeon (4/15)
 Temple: D:4-7

Altars:
Dithmenos
Ru

Shops:
D:3 *

Annotations:
D:3 1 runed translucent door, Crazy Yiuf


Innate Abilities, Weirdness & Mutations

You are immune to sickness and miasma.
Your stone body is resilient. (AC +4)
You are immune to poison.
You resist negative energy. (rN+)
You are resistant to electric shocks. (rElec)
You are resistant to unholy torment.
You are immune to petrification.


Message History

You kill the black bear!
You have reached level 6!
Found a stone staircase leading down.
Found a stone staircase leading up.
You pick up a book of Blasting and begin reading...
You add the spells Volatile Blastmotes, Fulminant Prism and Iskenderun's Mystic Blast to your library.
You now have 174 gold pieces (gained 12).
Found a ring of protection from cold.
You now have 184 gold pieces (gained 10).
You now have 194 gold pieces (gained 10).
g - 4 scrolls labelled UDIBBO VETU (gained 3)
An orc warrior, an orc and an orc wizard come into view.
The orc warrior is wielding a +1 battleaxe of electrocution.
The orc warrior shouts!
The orc shouts!
The orc wizard shouts!
The orc moves out of view.
The orc wizard points at you and mumbles some strange words.
The puff of flame hits you. The orc wizard casts a spell at you.
You are confused.
You bump into the rock wall.
You're too confused to move!
You bump into the rock wall.
The orc warrior hits you with a +1 battleaxe of electrocution!
The orc wizard casts a spell at you. The puff of flame hits you.
You thump the orc!
You kill the orc!
You feel less confused. The orc warrior closely misses you.
You block the orc warrior's attack. The orc wizard completely misses you.
You closely miss the orc wizard. You block the orc wizard's attack.
You block the orc warrior's attack.
You closely miss the orc wizard.
The orc warrior hits you with a +1 battleaxe of electrocution!
* * * LOW HITPOINT WARNING * * *
The orc wizard hits you but does no damage.
You sock the orc wizard!
The orc wizard is severely wounded.
The orc warrior hits you with a +1 battleaxe of electrocution!
You die...

..........#
..........
#.......?#
.......# #....#
#..# ##
#..#####....
#..oo....# .
###.)@#####
...##...###
.........#
#........##
#.........#
#.........##
#.#....##..#####
..##..#
##..#..## ###
#......##


You could see an orc warrior and an orc wizard.

Vanquished Creatures
  A black bear (D:4)
  2 jellies
  Jessica (D:2)
  An orc wizard (D:3)
  2 adders (D:3)
  2 worms
  5 dart slugs
  An orc (D:4)
  5 ball pythons
  6 endoplasms
  3 giant cockroaches
  6 goblins
  6 hobgoblins
  4 jackals (D:3)
  7 kobolds
  2 quokkas
  3 bats
  3 frilled lizards
  A rat (D:3)
61 creatures vanquished.

Notes
Turn   | Place    | Note
-------+----------+-------------------------------------------
     0 | D:1      | Dittersdorf the Gargoyle Fighter began the quest for the
                  | Orb.
     0 | D:1      | Reached XP level 1. HP: 14/14 MP: 1/1
   205 | D:1      | Reached XP level 2. HP: 19/19 MP: 2/2
   908 | D:2      | Reached XP level 3. HP: 22/23 MP: 3/3
   914 | D:2      | Found a shadowy altar of Dithmenos.
  1038 | D:2      | Noticed Jessica
  1046 | D:2      | Killed Jessica
  1047 | D:2      | Reached XP level 4. HP: 18/29 MP: 4/4
  1406 | D:3      | Found a runed translucent door.
  1407 | D:3      | Noticed Crazy Yiuf
  1431 | D:3      | Found a sacrificial altar of Ru.
  1566 | D:3      | Reached XP level 5. HP: 31/33 MP: 5/5
  1937 | D:3      | Found Bal Qiph's General Store.
  2302 | D:4      | Noticed a black bear
  2316 | D:4      | Killed a black bear
  2317 | D:4      | Reached XP level 6. HP: 34/39 MP: 6/6
  2444 | D:4      | Noticed an orc warrior
  2457 | D:4      | Slain by an orc warrior

Illustrated notes

Levels and vault maps discovered:
D:1:      lemuel_arrival_behind_the_door_small, layout_loops_cross,
          dk_noncrumbling_2, minmay_misc_feat_plants
D:2:      layout_loops_ring, basic_altar, chequers_serial_rivers_micro_d,
          st_stairs_13, uniq_jessica
D:3:      layout_rooms, nicolae_ru_great_annihilating_truth, serial_shops,
          nicolae_shop_behind_doors, uniq_crazy_yiuf_cottage
D:4:      layout_cave_pods

Skill      XL: |  1  2  3  4 |
---------------+-------------+-----
Fighting       | 4 |  4.7
Shields        | 4 |  4.7
Armour         | 4 |  4.6
Maces & Flails | 3 |  3.6

Action                     |  1- 3 |  4- 6 || total
---------------------------+-------+-------++-------
  Melee: Flail             |    71 |   130 ||   201
    Use: Scroll            |       |     4 ||     4
 Armour: Scale mail        |    37 |     6 ||    43
         Chain mail        |       |    89 ||    89
  Dodge: Dodged            |    35 |    66 ||   101
  Block: Buckler           |    13 |    30 ||    43

Table legend: (Time is in decaauts)
 A = Elapsed time spent in this place.
 B = Non-inter-level travel time spent in this place.
 C = Inter-level travel time spent in this place.
 D = Time resting spent in this place.
 E = Time spent auto-exploring this place.
 F = Levels seen in this place.
 G = Mean time per level.
                   A        B        C        D        E       F      G
               +--------+--------+--------+--------+--------+-----+--------+
         Total |   2513 |   2418 |     95 |    100 |   1802 |   4 |  628.2 |
       Dungeon |   2513 |   2418 |     95 |    100 |   1802 |   4 |  628.2 |
               +--------+--------+--------+--------+--------+-----+--------+

Top non-repeatable levels by time:
     D:3: 766 daAuts
     D:1: 738 daAuts
     D:2: 677 daAuts
     D:4: 331 daAuts
